[Event "December 5 Late 2023"]
[Site "https://www.chess.com"]
[Date "2023.12.05"]
[Round "1"]
[White "Mendez Fortes, Eduardo Jesus"]
[Black "Gumugama"]
[Result "1-0"]
[Board "159"]
[TimeControl "180+1"]
[WhiteFideId "3502376"]
[WhiteElo "2561"]
[BlackElo "2177"]
[WhiteTeam "CUB"]
[WhiteClock "0:00:35"]
[BlackClock "0:00:35"]

1. e4 c5 2. Nf3 d6 3. d4 cxd4 4. Nxd4 Nf6 5. Nc3 a6 6. Bg5 e6 7. f4 Be7 8. Qf3 h6 9. Bh4 Nbd7 10. Qg3 Qa5 11. O-O-O Rg8 12. f5 e5 13. Nb3 Qc7 14. Qd3 b5 15. Be1 Bb7 16. Rg1 b4 17. Nd5 Nxd5 18. exd5 a5 19. Nd2 Bg5 20. Kb1 Nc5 21. Qf3 Ke7 22. Nc4 Rgc8 23. h4 Bf6 24. g4 e4 25. Qg3 Ba6 26. g5 hxg5 27. hxg5 Bxb2 28. Nxb2 Na4 29. f6+ Kf8 30. fxg7+ Kxg7 31. Qf2 Nc3+ 32. Bxc3+ bxc3 33. Qf6+ Kf8 34. Rh1 1-0

[Event "December 5 Late 2023"]
[Site "https://www.chess.com"]
[Date "2023.12.05"]
[Round "1"]
[White "Petersson, Kjell"]
[Black "Mortazavi, Ali"]
[Result "0-1"]
[Board "160"]
[TimeControl "180+1"]
[WhiteFideId "1705148"]
[BlackFideId "401323"]
[WhiteElo "2172"]
[BlackElo "2559"]
[WhiteTeam "SWE"]
[BlackTeam "ENG"]
[WhiteClock "0:00:08"]
[BlackClock "0:00:18"]

1. d4 Nf6 2. Bf4 g6 3. Nc3 c5 4. d5 d6 5. e4 Na6 6. Bxa6 bxa6 7. Qd2 Rb8 8. Rb1 a5 9. Nf3 Ba6 10. h4 h5 11. Ng5 Bg7 12. f3 O-O 13. Kf2 Rb4 14. a3 Rd4 15. Qc1 Nd7 16. b3 c4 17. Be3 cxb3 18. Rxb3 Rc4 19. Ne2 Qc7 20. c3 Nc5 21. Bxc5 Rxc5 22. g4 Bc4 23. Rb2 Bxe2 24. Rxe2 Rxc3 25. Qf4 Be5 26. Qd2 hxg4 27. fxg4 Qd7 28. Rg1 Rfc8 29. h5 Qa4 30. hxg6 fxg6 31. Nf3 Bg7 32. Rge1 Rf8 33. Re3 Rc2 34. R1e2 Rxd2 35. Rxd2 Bh6 36. g5 Bxg5 37. Kg2 Bxe3 0-1

[Event "December 5 Late 2023"]
[Site "https://www.chess.com"]
[Date "2023.12.05"]
[Round "1"]
[White "Karamsetty, Jeevan"]
[Black "Vanek, Tomas"]
[Result "1-0"]
[Board "161"]
[TimeControl "180+1"]
[WhiteFideId "2025337"]
[BlackFideId "313459"]
[WhiteElo "2559"]
[BlackElo "2166"]
[WhiteTeam "USA"]
[BlackTeam "CZE"]
[WhiteClock "0:00:09"]
[BlackClock "0:00:06"]

1. e4 c5 2. Nf3 Nc6 3. Bb5 Nf6 4. Nc3 e5 5. Bxc6 dxc6 6. Nxe5 Nxe4 7. Nxe4 Qd4 8. O-O Qxe5 9. Re1 Be7 10. d3 O-O 11. Qf3 Qf5 12. Qg3 Qg6 13. Qxg6 hxg6 14. Be3 b6 15. a4 a5 16. c3 Bf5 17. Rad1 Rad8 18. f3 Bxe4 19. fxe4 Bf6 20. Bf4 Rd7 21. e5 Bd8 22. g3 Re8 23. h4 Bc7 24. Kf2 Rde7 25. d4 cxd4 26. cxd4 Rd7 27. Be3 Red8 28. Rc1 c5 29. dxc5 Bxe5 30. cxb6 Bxb2 31. Rc5 Bd4 32. Bxd4 Rxd4 33. Rxa5 Rb4 34. Ra6 Rb3 35. Re3 Rd2+ 36. Kf3 Rbb2 37. Ra8+ Kh7 38. Ree8 Rb3+ 39. Kg4 f5+ 40. Kh3 g5 41. h5 g4+ 42. Kh4 Rh2+ 43. Kg5 Rxh5+ 44. Kxh5 g6+ 45. Kg5 Rxb6 46. Re7# 1-0

[Event "December 5 Late 2023"]
[Site "https://www.chess.com"]
[Date "2023.12.05"]
[Round "1"]
[White "Keller, Peter"]
[Black "Yang, Kevin"]
[Result "0-1"]
[Board "162"]
[TimeControl "180+1"]
[WhiteFideId "1272105"]
[BlackFideId "30908485"]
[WhiteElo "2162"]
[BlackElo "2558"]
[WhiteTeam "GER"]
[BlackTeam "USA"]
[WhiteClock "0:00:07"]
[BlackClock "0:00:06"]

1. d4 Nf6 2. Bf4 e6 3. e3 c5 4. c3 b6 5. Nf3 Bb7 6. h3 Be7 7. Nbd2 O-O 8. Bd3 cxd4 9. exd4 d6 10. Qe2 a6 11. O-O Nc6 12. a4 Re8 13. Rfe1 h6 14. Bg3 Qc7 15. Rac1 Bf8 16. b4 Ne7 17. Nc4 Ned5 18. Ne3 Nh5 19. Nxd5 Bxd5 20. Bh2 Qb7 21. Nh4 Nf6 22. c4 Bc6 23. b5 axb5 24. axb5 Bd7 25. Nf3 Rec8 26. Ra1 d5 27. Ne5 dxc4 28. Bxc4 Be8 29. Bg3 Rxa1 30. Rxa1 Qe4 31. Qb2 Bd6 32. Bd3 Qd5 33. Ra7 Nh5 34. Bh2 f6 35. Nf3 Bxh2+ 36. Kxh2 Nf4 37. Bc2 Qd6 38. Kg1 Bh5 39. Be4 Rc1+ 40. Qxc1 Ne2+ 41. Kf1 Nxc1 42. Ra8+ Kf7 43. Ra7+ Kf8 44. Ra8+ Ke7 45. Ra7+ Kd8 46. Ra8+ Kc7 47. Ra7+ Kd8 48. Ra8+ Ke7 49. Ra7+ Qd7 50. Rxd7+ Kxd7 51. g4 Bf7 52. Nd2 Na2 53. Nc4 Kc7 54. Ne3 Nc3 55. Bd3 e5 56. dxe5 fxe5 57. Ke1 h5 58. Kd2 Na4 59. Nf5 hxg4 60. hxg4 g6 61. Ne7 g5 62. Nf5 Nc5 63. Ng3 Bd5 64. Nh5 Bf3 65. Nf6 e4 66. Bc4 Kd6 67. Ke3 Ke5 68. Ne8 Na4 69. Nc7 Bxg4 70. Nd5 Be6 71. Nxb6 Nxb6 72. Bxe6 Kxe6 73. f3 exf3 74. Kxf3 Kf5 75. Ke3 g4 76. Kf2 Kf4 77. Kg2 g3 78. Kg1 Kf3 79. Kf1 g2+ 80. Kg1 Nc4 81. Kh2 Kf2 0-1

[Event "December 5 Late 2023"]
[Site "https://www.chess.com"]
[Date "2023.12.05"]
[Round "1"]
[White "Soderstrom, Adrian"]
[Black "Clarke, Adani"]
[Result "1-0"]
[Board "163"]
[TimeControl "180+1"]
[WhiteFideId "1745786"]
[BlackFideId "7402082"]
[WhiteElo "2555"]
[BlackElo "2154"]
[WhiteTeam "SWE"]
[BlackTeam "JAM"]
[WhiteClock "0:00:22"]
[BlackClock "0:00:16"]

1. Nf3 Nf6 2. c4 e6 3. Nc3 d5 4. d4 Bb4 5. Bg5 O-O 6. e3 c5 7. cxd5 cxd4 8. Qxd4 Bxc3+ 9. Qxc3 Nxd5 10. Bxd8 Nxc3 11. Ba5 Nd5 12. e4 Nf6 13. Bd3 b6 14. Bc3 Rd8 15. O-O-O Bb7 16. Bc2 Nbd7 17. Rd4 Nc5 18. e5 Bxf3 19. exf6 Rxd4 20. Bxd4 Bd5 21. fxg7 Bxg2 22. Rg1 Be4 23. Bxc5 Bxc2 24. Kxc2 Rc8 25. b4 bxc5 26. b5 f6 27. Kc3 Rc7 28. a4 f5 29. Kc4 Rc8 30. a5 Rc7 31. f4 Rc8 32. h4 Rc7 33. h5 h6 34. Rg6 Rxg7 35. Rxg7+ Kxg7 36. b6 1-0

[Event "December 5 Late 2023"]
[Site "https://www.chess.com"]
[Date "2023.12.05"]
[Round "1"]
[White "th3d4rkness"]
[Black "aksuliini1"]
[Result "0-1"]
[Board "164"]
[TimeControl "180+1"]
[WhiteElo "2153"]
[BlackElo "2555"]
[WhiteClock "0:00:55"]
[BlackClock "0:00:46"]

1. e4 c6 2. d4 d5 3. e5 Bf5 4. h4 h5 5. Bd3 Bxd3 6. Qxd3 e6 7. Nf3 Qa5+ 8. c3 Qa6 9. Qxa6 Nxa6 10. O-O Ne7 11. b4 Nf5 12. a4 Be7 13. g3 Kd7 14. Bg5 f6 15. exf6 gxf6 16. Bf4 Bd6 17. Bxd6 Nxd6 18. Nbd2 Nc7 19. Rfe1 Rhg8 20. Kf1 b6 21. Ke2 Rg4 22. Kd3 Nf5 23. Nh2 Rgg8 24. Ndf1 Ne8 25. Ne3 Nxe3 26. Rxe3 Nd6 27. Nf3 Ne4 28. Re2 c5 29. Nd2 f5 30. Nxe4 fxe4+ 31. Kd2 cxd4 32. cxd4 Rac8 33. Rc1 Rxc1 34. Kxc1 Rf8 35. Rc2 Rf3 36. Kd1 Rd3+ 37. Rd2 Ra3 38. a5 bxa5 39. bxa5 Rxa5 40. Ke2 Ra4 41. Ke3 Ra3+ 42. Kf4 Rf3+ 43. Kg5 Rf5+ 44. Kg6 Kc6 45. Rc2+ Kb6 46. Rb2+ Kc6 47. Rc2+ Kb5 48. Kh6 a5 49. Kg6 a4 50. Rb2+ Kc4 51. Rb6 Rxf2 52. Rxe6 Kxd4 53. Ra6 Ra2 54. Kxh5 e3 55. g4 Ke5 56. Ra8 d4 57. g5 Rg2 58. Rxa4 e2 59. Ra8 d3 60. Re8+ Kd4 61. g6 d2 0-1

[Event "December 5 Late 2023"]
[Site "https://www.chess.com"]
[Date "2023.12.05"]
[Round "1"]
[White "Estrada Nieto, Julian"]
[Black "Joubert, Dantelle"]
[Result "1-0"]
[Board "165"]
[TimeControl "180+1"]
[WhiteFideId "5101018"]
[BlackFideId "14310813"]
[WhiteElo "2555"]
[BlackElo "2152"]
[WhiteTeam "ESP"]
[BlackTeam "RSA"]
[WhiteClock "0:00:50"]
[BlackClock "0:00:00"]

1. e4 e5 2. Nf3 Nc6 3. Bb5 Nf6 4. O-O Nxe4 5. Re1 Nd6 6. Nxe5 Be7 7. Bf1 Nxe5 8. Rxe5 O-O 9. Nc3 c6 10. d4 Bf6 11. Re1 Nf5 12. d5 d6 13. Bf4 c5 14. a4 a6 15. Bd3 Nd4 16. Ne4 Be7 17. c3 Nf5 18. Ng3 Nxg3 19. Bxg3 Bf6 20. Qc2 g6 21. Re2 b6 22. Rae1 Bb7 23. c4 Qd7 24. h3 b5 25. cxb5 Bxd5 26. bxa6 Bc6 27. b3 Rfd8 28. Bf4 Rab8 29. Bd2 Ba8 30. Ba5 Qc6 31. Be4 d5 32. Bf3 1-0

[Event "December 5 Late 2023"]
[Site "https://www.chess.com"]
[Date "2023.12.05"]
[Round "1"]
[White "Ewing, Gabriel"]
[Black "Bijaoui, Manuel"]
[Result "0-1"]
[Board "166"]
[TimeControl "180+1"]
[WhiteFideId "2061880"]
[BlackFideId "626783"]
[WhiteElo "2145"]
[BlackElo "2545"]
[WhiteTeam "USA"]
[BlackTeam "FRA"]
[WhiteClock "0:01:36"]
[BlackClock "0:02:28"]

1. d4 Nf6 2. c4 g6 3. Nc3 Bg7 4. e4 d6 5. f3 O-O 6. Be3 c5 7. Nge2 Nc6 8. d5 Ne5 9. Ng3 h5 10. Be2 h4 11. Nf1 e6 12. Nd2 exd5 13. cxd5 a6 14. a4 Re8 15. O-O Nh5 16. f4 Nd7 17. Bxh5 gxh5 18. Qxh5 Nf6 19. Qxh4 Ng4 20. Rf3 Qxh4 0-1

[Event "December 5 Late 2023"]
[Site "https://www.chess.com"]
[Date "2023.12.05"]
[Round "1"]
[White "Martins, Bruno Andre Leite"]
[Black "Yushko, Olga"]
[Result "1-0"]
[Board "167"]
[TimeControl "180+1"]
[WhiteFideId "1942255"]
[BlackFideId "14114500"]
[WhiteElo "2543"]
[BlackElo "2126"]
[WhiteTeam "POR"]
[BlackTeam "UKR"]
[WhiteClock "0:00:09"]
[BlackClock "0:00:07"]

1. d4 e6 2. c4 f5 3. Nc3 Nf6 4. g3 Be7 5. Bg2 O-O 6. Nf3 d6 7. O-O Qe8 8. Qc2 Qg6 9. d5 e5 10. Nh4 Qh5 11. Bf3 Qf7 12. Nxf5 Bd8 13. e4 Na6 14. a3 Nc5 15. b4 Bxf5 16. exf5 e4 17. Be2 Ncd7 18. Nxe4 Ne5 19. Ng5 Qe8 20. f4 Neg4 21. Ne6 Rf7 22. h3 Nh6 23. g4 Nd7 24. Bb2 Bf6 25. Rae1 Bxb2 26. Qxb2 a5 27. Bd3 Qc8 28. Kg2 axb4 29. axb4 c6 30. Kg3 cxd5 31. cxd5 Nb6 32. Qd4 Ra3 33. Rf3 Qc3 34. Qxb6 Qxe1+ 35. Qf2 Qxb4 36. Qe2 Ra1 37. Ng5 Re1 38. Qc2 Rf8 39. Ne6 Re8 40. Qc7 Rg1+ 41. Kh4 Qe1+ 42. Kh5 Nf7 43. Qd7 Ra8 44. Ng5 Qe8 45. Qxe8+ Rxe8 46. Ne6 Rd1 47. g5 Nd8 48. h4 Nxe6 49. fxe6 b5 50. f5 b4 51. f6 gxf6 52. gxf6 Kf8 53. Bxh7 Rg1 54. Bg6 Rb8 55. e7+ Kg8 56. f7+ Kg7 57. f8=Q+ Rxf8 58. exf8=Q# 1-0

[Event "December 5 Late 2023"]
[Site "https://www.chess.com"]
[Date "2023.12.05"]
[Round "1"]
[White "Novikova, Margarita"]
[Black "Erzhanov, Arman"]
[Result "1-0"]
[Board "168"]
[TimeControl "180+1"]
[WhiteFideId "14109689"]
[BlackFideId "4138821"]
[WhiteElo "2116"]
[BlackElo "2542"]
[WhiteTeam "GER"]
[BlackTeam "KAZ"]
[WhiteClock "0:00:19"]
[BlackClock "0:00:00"]

1. d4 d6 2. Nf3 g6 3. Bf4 Bg7 4. e4 Nd7 5. h3 e5 6. Bg3 Ne7 7. Nc3 O-O 8. dxe5 dxe5 9. Bc4 c6 10. Qd6 Nb6 11. Qxd8 Rxd8 12. Bb3 a5 13. Bh4 Re8 14. Ng5 Rf8 15. a4 Bf6 16. Nxf7 Bxh4 17. Nxe5+ Kg7 18. Nf3 g5 19. Ke2 Rxf3 20. Kxf3 h5 21. g3 g4+ 22. hxg4 Bxg4+ 23. Kg2 Bf6 24. f3 Bd7 25. Rxh5 Rh8 26. Rxh8 Kxh8 27. Rd1 Kg7 28. f4 Bg4 29. Rd2 Ng6 30. e5 Be7 31. Ne4 1-0

[Event "December 5 Late 2023"]
[Site "https://www.chess.com"]
[Date "2023.12.05"]
[Round "1"]
[White "Rangel, Daniel"]
[Black "Teumer, Joerg, Dr."]
[Result "1-0"]
[Board "169"]
[TimeControl "180+1"]
[WhiteFideId "2124475"]
[BlackFideId "4643526"]
[WhiteElo "2542"]
[BlackElo "2110"]
[WhiteTeam "BRA"]
[BlackTeam "GER"]
[WhiteClock "0:00:08"]
[BlackClock "0:00:10"]

1. d4 Nf6 2. c4 e6 3. Nc3 Bb4 4. e3 O-O 5. Ne2 d5 6. a3 Bxc3+ 7. Nxc3 Qe7 8. Qc2 b6 9. cxd5 exd5 10. Be2 c5 11. dxc5 bxc5 12. O-O Ba6 13. Bxa6 Nxa6 14. Rd1 Rfd8 15. Ne2 Rac8 16. Bd2 Qe4 17. Rac1 Qxc2 18. Rxc2 c4 19. Bc3 Ne4 20. Nf4 Nc7 21. Ba5 g5 22. Ne2 Rd6 23. f3 Nc5 24. Rxc4 dxc4 25. Rxd6 N7e6 26. Bc3 Nd3 27. Rd7 a6 28. Nd4 Nxd4 29. Bxd4 Rb8 30. Rd5 h6 31. Ra5 Nxb2 32. Rxa6 Nd1 33. h3 c3 34. Rc6 Rb3 35. a4 Ra3 36. Rc4 c2 37. Rxc2 Nxe3 38. Bxe3 Rxe3 39. Ra2 Re6 40. a5 Ra6 41. Kf2 Kg7 42. Ke3 Kf6 43. Kd4 Ke6 44. Kc5 Kd7 45. Kb5 Re6 46. a6 Re5+ 47. Kb6 Kc8 48. a7 Re6+ 49. Kc5 Re5+ 50. Kd4 1-0

[Event "December 5 Late 2023"]
[Site "https://www.chess.com"]
[Date "2023.12.05"]
[Round "1"]
[White "Bhandari, Krish"]
[Black "Toncheva, Nadya"]
[Result "1/2-1/2"]
[Board "170"]
[TimeControl "180+1"]
[WhiteFideId "30955106"]
[BlackFideId "2924056"]
[WhiteElo "2107"]
[BlackElo "2542"]
[WhiteTeam "USA"]
[BlackTeam "BUL"]
[WhiteClock "0:00:10"]
[BlackClock "0:00:05"]

1. Nf3 c5 2. b3 d6 3. Bb2 Nc6 4. e3 e5 5. d4 e4 6. Nfd2 f5 7. dxc5 dxc5 8. Bb5 Nf6 9. Bxc6+ bxc6 10. Na3 Be7 11. Ndc4 Be6 12. Qxd8+ Rxd8 13. Rd1 O-O 14. O-O Rd5 15. Ne5 Rfd8 16. Rc1 Rc8 17. Nac4 Nd7 18. Nxd7 Rxd7 19. Ne5 Rd5 20. f4 exf3 21. gxf3 Bf6 22. f4 Rd2 23. Rf2 Rcd8 24. Bc3 Rxf2 25. Kxf2 Bd5 26. Rd1 Be4 27. Rxd8+ Bxd8 28. Nd3 Be7 29. Be5 Kf7 30. Bb8 a6 31. Ba7 Bxd3 32. cxd3 Ke6 33. Bb6 Kd5 34. Ba5 g5 35. fxg5 Bxg5 36. Bc7 Bf6 37. Kf3 Ke6 38. Bb6 Be7 39. Ba5 Bd6 40. h3 Be5 41. Be1 Bd6 42. Bg3 Be7 43. Bf4 Bf8 44. Bb8 Bg7 45. Bf4 Bc3 46. e4 fxe4+ 47. Kxe4 Bf6 48. Be3 Be7 49. Bf2 Bd6 50. Bg1 Be7 51. Be3 Bd6 52. Bh6 Be7 53. Be3 Bd6 54. a4 Be7 55. Bd2 Bd6 56. Be3 Be7 57. Bf4 Bf8 58. Be3 Bd6 59. Bf4 Bxf4 60. Kxf4 Kd5 61. Kg5 Kd4 62. Kh6 Kxd3 63. Kxh7 Kc3 64. h4 Kxb3 65. h5 c4 66. h6 c3 67. Kg8 c2 68. h7 c1=Q 69. h8=Q Qc4+ 70. Kf8 Qc5+ 71. Ke8 Qe3+ 72. Kd8 Qd3+ 73. Kc8 Kxa4 74. Qa1+ Kb5 75. Qb2+ Kc5 76. Qc1+ Kd5 77. Qg5+ Kc4 78. Qa5 Qh3+ 79. Kc7 Qg3+ 80. Kxc6 Qg6+ 81. Kb7 Qe4+ 82. Kxa6 Qa8+ 83. Kb6 Qxa5+ 84. Kxa5 1/2-1/2

[Event "December 5 Late 2023"]
[Site "https://www.chess.com"]
[Date "2023.12.05"]
[Round "1"]
[White "Kashefi, Amir Hosein"]
[Black "Mangialardo, Tiago Carvalho"]
[Result "1-0"]
[Board "171"]
[TimeControl "180+1"]
[WhiteFideId "12557935"]
[BlackFideId "2130718"]
[WhiteElo "2540"]
[BlackElo "2088"]
[WhiteTeam "IRI"]
[BlackTeam "BRA"]
[WhiteClock "0:00:05"]
[BlackClock "0:00:00"]

1. c4 e5 2. Nc3 Nf6 3. g3 Bc5 4. Bg2 O-O 5. d3 c6 6. Nf3 Re8 7. O-O h6 8. Rb1 a5 9. a3 Na6 10. Nd2 d5 11. cxd5 cxd5 12. e4 Be6 13. exd5 Nxd5 14. Nde4 Ba7 15. Nb5 Bb6 16. Qe2 Nc5 17. Be3 Nxe3 18. fxe3 Nxe4 19. Bxe4 Qd7 20. a4 Rad8 21. Qf3 Bd5 22. Nc3 Bxe4 23. dxe4 f6 24. Nd5 Ba7 25. b3 Qd6 26. Rbd1 Qc5 27. Qg4 Kh8 28. Qh5 Qc2 29. Rc1 Qxb3 30. Rc7 Bxe3+ 31. Kg2 Qc2+ 32. Kh3 1-0

[Event "December 5 Late 2023"]
[Site "https://www.chess.com"]
[Date "2023.12.05"]
[Round "1"]
[White "Negron Lizarazo, Juan Sebastian"]
[Black "Silva Lucena, Cristian"]
[Result "1-0"]
[Board "172"]
[TimeControl "180+1"]
[WhiteFideId "3936910"]
[BlackFideId "2232588"]
[WhiteElo "2082"]
[BlackElo "2539"]
[WhiteTeam "COL"]
[BlackTeam "ESP"]
[WhiteClock "0:01:26"]
[BlackClock "0:00:58"]

1. e4 c5 2. Nc3 a6 3. g3 b5 4. Bg2 Bb7 5. d3 e6 6. Be3 Nf6 7. h3 h5 8. f4 d5 9. e5 Ng8 10. d4 cxd4 11. Bxd4 Nc6 12. Bf2 Nge7 13. Nf3 Nf5 14. O-O Be7 15. Ne2 Rc8 16. c3 g5 17. Nfd4 Nfxd4 18. Nxd4 gxf4 19. gxf4 Rg8 20. Kh2 Qc7 21. Qxh5 b4 22. Nxe6 Qd7 23. Nd4 Nxd4 24. Bxd4 bxc3 25. bxc3 Rc6 26. Rae1 Rcg6 27. Rf2 Bf8 28. e6 Rxe6 29. Rxe6+ Qxe6 30. Re2 1-0

[Event "December 5 Late 2023"]
[Site "https://www.chess.com"]
[Date "2023.12.05"]
[Round "1"]
[White "Lewicki, Miroslaw"]
[Black "Lutz, Igor Oscar"]
[Result "1-0"]
[Board "173"]
[TimeControl "180+1"]
[WhiteFideId "1113380"]
[BlackFideId "2110806"]
[WhiteElo "2536"]
[BlackElo "2078"]
[WhiteTeam "POL"]
[BlackTeam "BRA"]
[WhiteClock "0:01:42"]
[BlackClock "0:00:00"]

1. g3 d5 2. Bg2 c5 3. Nf3 Nc6 4. O-O e5 5. d3 f5 6. c4 e4 7. dxe4 fxe4 8. Ng5 Be7 9. cxd5 Bxg5 10. Bxg5 Qxg5 11. dxc6 bxc6 12. Bxe4 Bd7 13. Qa4 Qf6 14. Nc3 Ne7 15. Rad1 Nd5 16. Nxd5 cxd5 17. Qc2 Be6 18. Bxd5 O-O 19. Qxc5 Rac8 20. Qd4 Qf5 21. e4 Qh3 22. Bxe6+ Qxe6 23. Qd5 Qxd5 24. Rxd5 Rc2 25. Rb5 Re8 26. f3 Rd8 27. Rf2 Rc1+ 28. Kg2 Rdd1 29. f4 h6 30. e5 Rg1+ 31. Kf3 Rgd1 32. f5 Rd3+ 33. Kg4 Re1 34. e6 Kh7 35. Rb7 Re4+ 36. Kh3 h5 37. f6 Rg4 38. f7 1-0

[Event "December 5 Late 2023"]
[Site "https://www.chess.com"]
[Date "2023.12.05"]
[Round "1"]
[White "Feliz Dotel, Dewar Bienvenido"]
[Black "Cervantes Landeiro, Thalia"]
[Result "0-1"]
[Board "174"]
[TimeControl "180+1"]
[WhiteFideId "6402801"]
[BlackFideId "3520498"]
[WhiteElo "2077"]
[BlackElo "2534"]
[WhiteTeam "DOM"]
[BlackTeam "USA"]
[WhiteClock "0:00:00"]
[BlackClock "0:00:47"]

1. d4 Nf6 2. e3 g6 3. Nf3 d5 4. Be2 Bg7 5. O-O O-O 6. b4 c6 7. c4 Ne4 8. Nfd2 a5 9. Nxe4 dxe4 10. bxa5 Qxa5 11. Bd2 Qg5 12. f4 exf3 13. Bxf3 e5 14. e4 Qe7 15. d5 Qc5+ 16. Kh1 Qxc4 17. Nc3 Na6 18. Qb3 Qxb3 19. axb3 cxd5 20. Nxd5 Be6 21. Be2 Nc5 22. Bb4 Rxa1 23. Rxa1 Nxb3 24. Rb1 Ra8 25. h3 Nd4 26. Bc4 Bf8 27. Bxf8 Kxf8 28. Nb6 Rd8 29. Bxe6 Nxe6 30. Nd5 Rb8 31. Kh2 b5 32. Rb4 Kg7 33. g3 Nd4 0-1

[Event "December 5 Late 2023"]
[Site "https://www.chess.com"]
[Date "2023.12.05"]
[Round "1"]
[White "Kopczynski, Michal"]
[Black "Smirnov, Timofey"]
[Result "1-0"]
[Board "175"]
[TimeControl "180+1"]
[WhiteFideId "1124200"]
[BlackFideId "24176427"]
[WhiteElo "2532"]
[BlackElo "2056"]
[WhiteTeam "POL"]
[BlackTeam "RUS"]
[WhiteClock "0:01:40"]
[BlackClock "0:00:23"]

1. e4 e5 2. Nf3 Nf6 3. Nxe5 d6 4. Nf3 Nxe4 5. d4 d5 6. Bd3 Nc6 7. c4 Nb4 8. O-O Nxd3 9. Qxd3 Be7 10. Nc3 Nxc3 11. bxc3 dxc4 12. Qxc4 O-O 13. Bf4 c6 14. Rab1 Be6 15. Qe2 b5 16. Ne5 Rc8 17. Rfe1 Bxa2 18. Qxa2 a5 19. Ra1 a4 20. Nd3 Re8 21. Be5 Bf6 22. Bxf6 Qxf6 23. Rxe8+ Rxe8 24. Ne5 Qe6 25. Qxe6 Rxe6 26. Kf1 Kf8 27. c4 bxc4 28. Rxa4 c5 29. Nd7+ Ke7 30. Nxc5 Rd6 31. Rxc4 Rc6 32. Ke2 Rb6 33. Kd3 Rb2 34. Ne4 Rb3+ 35. Rc3 Rb4 36. Rc7+ Ke6 37. Ng5+ Kf5 38. Nxf7 Rb2 39. Ne5 Rxf2 40. Rf7+ 1-0

[Event "December 5 Late 2023"]
[Site "https://www.chess.com"]
[Date "2023.12.05"]
[Round "1"]
[White "Sailer, Mike"]
[Black "Korchynskyi, Mykola"]
[Result "0-1"]
[Board "176"]
[TimeControl "180+1"]
[WhiteFideId "2012901"]
[BlackFideId "34138005"]
[WhiteElo "2041"]
[BlackElo "2529"]
[WhiteTeam "USA"]
[BlackTeam "UKR"]
[WhiteClock "0:00:08"]
[BlackClock "0:01:28"]

1. d4 d5 2. Bf4 Nf6 3. e3 e6 4. Nf3 Be7 5. Be2 O-O 6. O-O b6 7. h3 Bb7 8. c4 Nbd7 9. Nc3 dxc4 10. Bxc4 c5 11. Nb5 cxd4 12. exd4 Nd5 13. Bh2 N7f6 14. Rc1 a6 15. Nc3 b5 16. Bd3 Rc8 17. Ne5 Qb6 18. Bb1 Rfd8 19. Qd3 Nxc3 20. bxc3 Be4 21. Qd2 Bxb1 22. Rxb1 Ne4 23. Qf4 Nf6 24. Rbc1 Bd6 25. Qh4 Bxe5 26. Bxe5 Nd5 27. Qg3 f6 28. Bf4 Rc6 29. Bd2 Rdc8 30. Rce1 Qa5 31. Re3 Qxa2 32. Bc1 Rxc3 33. Rxc3 Nxc3 34. Bh6 Ne2+ 35. Kh2 Nxg3 0-1

[Event "December 5 Late 2023"]
[Site "https://www.chess.com"]
[Date "2023.12.05"]
[Round "1"]
[White "Urbina Perez, Juan Antonio"]
[Black "Panuganti, Kireet"]
[Result "1-0"]
[Board "177"]
[TimeControl "180+1"]
[WhiteFideId "2217368"]
[BlackFideId "30903297"]
[WhiteElo "2527"]
[BlackElo "2029"]
[WhiteTeam "ESP"]
[BlackTeam "USA"]
[WhiteClock "0:02:06"]
[BlackClock "0:00:00"]

1. e4 c5 2. Nf3 d6 3. Bb5+ Bd7 4. c4 e5 5. Nc3 g6 6. O-O Bg7 7. d3 Ne7 8. Bg5 h6 9. Be3 O-O 10. h3 f5 11. exf5 gxf5 12. Qc1 f4 13. Bd2 Nbc6 14. Ne4 Bf5 15. Re1 Kh7 16. Bxc6 Nxc6 17. Bc3 Bh8 18. Nh2 Rg8 19. Kh1 Qh4 20. Qd2 Rg6 21. Rg1 Rag8 22. Qe2 a6 23. a4 Nd4 24. Bxd4 exd4 25. Rae1 Be5 26. Qf3 Qd8 27. Nxc5 dxc5 28. Rxe5 1-0

[Event "December 5 Late 2023"]
[Site "https://www.chess.com"]
[Date "2023.12.05"]
[Round "1"]
[White "De Souza, Arthur Olintho"]
[Black "DCacheiro"]
[Result "1-0"]
[Board "178"]
[TimeControl "180+1"]
[WhiteFideId "2116200"]
[WhiteElo "2026"]
[BlackElo "2523"]
[WhiteTeam "BRA"]
[WhiteClock "0:00:52"]
[BlackClock "0:00:31"]

1. e4 e5 2. Nf3 Nc6 3. d4 exd4 4. Nxd4 Nf6 5. Nxc6 bxc6 6. Bd3 Rb8 7. O-O d6 8. b3 Be7 9. Bb2 O-O 10. h3 c5 11. Qe2 Bb7 12. Nd2 Re8 13. Rad1 Qd7 14. Nc4 Bd8 15. e5 Nd5 16. Qh5 g6 17. Qh6 f5 18. exd6 cxd6 19. Nxd6 Re7 20. Nxb7 Qxb7 21. Bc4 Rd7 22. Rfe1 Bc7 23. Rxd5 Rxd5 24. Re7 1-0

[Event "December 5 Late 2023"]
[Site "https://www.chess.com"]
[Date "2023.12.05"]
[Round "1"]
[White "Chylewski, Patryk"]
[Black "Aung Thant Zin"]
[Result "0-1"]
[Board "179"]
[TimeControl "180+1"]
[WhiteFideId "1186191"]
[BlackFideId "13000063"]
[WhiteElo "2522"]
[BlackElo "2024"]
[WhiteTeam "POL"]
[BlackTeam "MYA"]
[WhiteClock "0:00:00"]
[BlackClock "0:00:18"]

1. e4 c5 2. Nf3 Nc6 3. d3 Nf6 4. Nbd2 d6 5. g3 e5 6. Bg2 Be7 7. O-O O-O 8. Nc4 Bg4 9. h3 Bxf3 10. Bxf3 h6 11. Bg2 Re8 12. Ne3 Bf8 13. c3 g6 14. Nc2 Bg7 15. Re1 d5 16. Ne3 d4 17. Nd5 Nxd5 18. exd5 Ne7 19. c4 Nc8 20. b4 b6 21. bxc5 bxc5 22. Rb1 Nd6 23. Qa4 Qc7 24. Qc6 Rec8 25. Bd2 Qe7 26. Qa6 Rab8 27. Qa5 Rxb1 28. Rxb1 Qc7 29. Qxc7 Rxc7 30. Ba5 Rb7 31. Rxb7 Nxb7 32. Bc7 Bf8 33. Bxe5 Bd6 34. f4 Kf8 35. Kf2 Ke7 36. Bg7 h5 37. Be5 f6 38. Bxd6+ Nxd6 39. g4 hxg4 40. hxg4 g5 41. Kf3 Kd7 42. Bf1 Ke7 43. fxg5 fxg5 44. Ke2 Kf6 45. Kf3 Ke5 46. Bg2 Ne8 47. Ke2 Nd6 0-1

[Event "December 5 Late 2023"]
[Site "https://www.chess.com"]
[Date "2023.12.05"]
[Round "1"]
[White "Desideri, Ricardo Maruchi"]
[Black "Tikhonov, Viacheslav"]
[Result "0-1"]
[Board "180"]
[TimeControl "180+1"]
[WhiteFideId "2110440"]
[BlackFideId "44196407"]
[WhiteElo "2024"]
[BlackElo "2522"]
[WhiteTeam "BRA"]
[BlackTeam "RUS"]
[WhiteClock "0:00:00"]
[BlackClock "0:00:05"]

1. e4 c5 2. Nf3 g6 3. d4 cxd4 4. Nxd4 Nc6 5. Nc3 Bg7 6. Be3 Nf6 7. Nb3 O-O 8. Qd2 d6 9. O-O-O Ng4 10. Bf4 e5 11. Bg3 Bh6 12. f4 exf4 13. Bxf4 Bxf4 14. Qxf4 Nge5 15. h3 Be6 16. Kb1 a5 17. Nd5 Bxd5 18. exd5 Nb4 19. a3 Na6 20. g4 a4 21. Nd4 Nc5 22. h4 Qe7 23. g5 Rae8 24. h5 Ned7 25. Bg2 Qe5 26. Qh4 Qg7 27. Nb5 Re2 28. Bf3 Re3 29. Bg4 Ne5 30. Nxd6 Rd8 31. Nb5 Re4 32. d6 Rxg4 33. Qh2 Rxg5 34. h6 Qf6 35. Rhf1 Qe6 36. Nc7 Qd7 37. Qf2 Rf5 38. Qg2 Rxf1 39. Rxf1 Qxd6 40. Nb5 Qc6 41. Nc3 Qxg2 0-1

[Event "December 5 Late 2023"]
[Site "https://www.chess.com"]
[Date "2023.12.05"]
[Round "1"]
[White "Rogov, Matfey"]
[Black "Bongo Akanga Ndjila, Barthelemy"]
[Result "1-0"]
[Board "181"]
[TimeControl "180+1"]
[WhiteFideId "44191308"]
[BlackFideId "10609431"]
[WhiteElo "2521"]
[BlackElo "2012"]
[WhiteTeam "RUS"]
[BlackTeam "GAB"]
[WhiteClock "0:00:05"]
[BlackClock "0:00:25"]

1. e4 e6 2. d4 d5 3. Bd3 Nf6 4. e5 Nfd7 5. c3 c5 6. Ne2 Nc6 7. a3 a6 8. b4 cxd4 9. cxd4 a5 10. b5 Na7 11. O-O Nb6 12. a4 Bd7 13. Nf4 g6 14. Nd2 Bb4 15. Qg4 O-O 16. Nh5 Be7 17. Nf3 Kh8 18. Nf6 Bxf6 19. exf6 Qxf6 20. Bf4 Kg8 21. Qg3 Rfc8 22. h4 Nc4 23. h5 Qg7 24. Ne5 Be8 25. h6 Qf8 26. Bxc4 dxc4 27. Ng4 f5 28. Ne5 c3 29. Rac1 Qb4 30. Qg5 Qf8 31. d5 exd5 32. Rfe1 d4 33. Nf3 Rd8 34. Re7 Bf7 35. Rce1 Re8 36. Qf6 Rxe7 37. Rxe7 Re8 38. Be5 Rxe7 39. Qh8# 1-0